 Dungeon Crawl Stone Soup version 0.30.0-11-gf55b779eaf (webtiles) character file.

Game seed: 10281440847152005783

58 ProzacElf the Sneak (level 3, -6/27 HPs)
             Began as a Vampire Warper on May 17, 2023.
             Mangled by a gnoll
             ... wielding a +0 club
              (8 damage)
             ... on level 2 of the Dungeon.
             The game lasted 00:02:44 (715 turns).

ProzacElf the Sneak (Vampire Warper)                 Turns: 715, Time: 00:02:45

Health: -6/27      AC:  3    Str: 12    XL:     3   Next: 76%
Magic:  6/6        EV: 12    Int: 15    God:
Gold:   100        SH:  0    Dex: 13    Spells: 6/6 levels left

rFire   . . .        a - +0 falchion
rCold   . . .        (no shield)
rNeg    . . .        b - +0 leather armour
rPois   .            (no helmet)
rElec   .            (no cloak)
rCorr   .            (no gloves)
SInv    +            (no boots)
Will    .....        (no amulet)
Stlth   ++           (no ring)
HPRegen 0.44/turn    (no ring)
MPRegen 0.10/turn

%: no passive effects
@: healing quickly
A: alive, fangs 3, see invisible, vampiric 2
a: Exsanguinate


You were on level 2 of the Dungeon.
You visited 1 branch of the dungeon, and saw 2 of its levels.

You collected 100 gold pieces.

Inventory:

Hand Weapons
 a - a +0 falchion (weapon)
 e - a +0 club
Missiles
 d - 7 boomerangs of dispersal (quivered)
Armour
 b - a +0 leather armour (worn)
Scrolls
 c - 2 scrolls of blinking
 f - a scroll of teleportation {unknown}
 h - a scroll of vulnerability {unknown}
 i - 3 scrolls of identify {unknown}
 k - a scroll of fog {unknown}
Potions
 g - a potion of cancellation {unknown}
 j - a potion of might {unknown}
 l - a potion of magic {unknown}


   Skills:
 - Level 1.7 Fighting
 + Level 3.2 Long Blades
 - Level 0.7 Throwing
 - Level 0.7 Armour
 - Level 2.1 Dodging
 + Level 3.9 Stealth
 - Level 2.0 Spellcasting
 - Level 2.4 Translocations


You had 6 spell levels left.
You didn't know any spells.
Your spell library contained the following spells:

 Spells                   Type           Power      Damage    Failure   Level
 Blink                    Tloc           16%        N/A       16%         2
 Lesser Beckoning         Tloc           16%        N/A       16%         2
 Teleport Other           Tloc           8%         N/A       32%         3
 Vhi's Electric Charge    Tloc/Air       10%        N/A       45%         3
 Manifold Assault         Tloc           8%         N/A       71%         4


Dungeon Overview and Level Annotations

Branches:
Dungeon (2/15)

Altars:


Innate Abilities, Weirdness & Mutations

Your natural rate of healing is accelerated.
You have razor-sharp teeth.
You have supernaturally acute eyesight. (SInv)
You are afflicted with vampirism and can become a bat while bloodless.


Message History

Ye be too injured ta fight recklessly!
Ye be too injured ta fight recklessly!
Ye be too injured ta fight recklessly!
Ye be too injured ta fight recklessly!
Ye be too injured ta fight recklessly!
Ye be too injured ta fight recklessly!
Ye be too injured ta fight recklessly!
Ye be too injured ta fight recklessly!
Ye be too injured ta fight recklessly!
Ye be too injured ta fight recklessly!
Ye be too injured ta fight recklessly!
Ye be too injured ta fight recklessly!
Ye be too injured ta fight recklessly!
Ye be too injured ta fight recklessly!
Ye be too injured ta fight recklessly!
Ye be too injured ta fight recklessly!
Ye be too injured ta fight recklessly!
Ye be too injured ta fight recklessly!
Ye be too injured ta fight recklessly!
Ye be too injured ta fight recklessly!
Ye be too injured ta fight recklessly!
Ye hit tha gnoll but do nay damage.
Tha gnoll be heavily wounded.
Tha gnoll hits ye wit' a +0 club.
* * * LOW HITPOINT WARNIN'
* * * Ye take 3 damage, an' haf 8/27 hp.
Ye hit tha gnoll.
Tha gnoll be severely wounded.
Tha gnoll hits ye wit' a +0 club.
* * * LOW HITPOINT WARNIN'
* * * Ye take 3 damage, an' haf 5/27 hp.
Ye barely miss tha gnoll.
Tha gnoll be severely wounded.
Tha gnoll hits ye wit' a +0 club.
* * * LOW HITPOINT WARNIN'
* * * Ye take 4 damage, an' haf 1/27 hp.
Ye barely miss tha gnoll.
Tha gnoll be severely wounded.
Tha gnoll hits ye wit' a +0 club!
Ye die...

## #. # #. .# #. .# #.
#g###.#
##...#.@...##.## ...
................
###..###.#..#.#.####.##
#......#.#...##$#
+..........#..#.#
#..........##.#.#
#..........##.#.#
#..........##...#
#......###..#


You could see a gnoll.

Vanquished Creatures
  An adder (D:2)
  A gnoll (D:2)
  A dart slug (D:1)
  5 ball pythons
  A bat (D:1)
  2 endoplasms (D:1)
  4 giant cockroaches
  5 goblins
  5 hobgoblins (D:1)
  2 quokkas
  2 frilled lizards
  4 rats (D:1)
33 creatures vanquished.

Notes
Turn   | Place    | Note
-------+----------+-------------------------------------------
     0 | D:1      | ProzacElf the Vampire Warper began the quest for the Orb.
     0 | D:1      | Reached XP level 1. HP: 16/16 MP: 3/3
   112 | D:1      | Reached skill level 1 in Stealth
   155 | D:2      | Reached XP level 2. HP: 7/22 MP: 5/5
   281 | D:1      | Found a faded altar of an unknown god.
   481 | D:1      | Gained mutation: You are afflicted with vampirism and can
                  | become a bat while bloodless. [Vampire growth]
   481 | D:1      | Reached XP level 3. HP: 27/27 MP: 6/6
   714 | D:2      | HP: 1/27 [gnoll/+0 club (4)]
   715 | D:2      | Mangled by a gnoll

Illustrated notes

Levels and vault maps discovered:
D:1:      heliophobic_arrival_henge, layout_basic,
          ebering_ecumenical_altar_hall, minmay_pentomino_x4
D:2:      layout_basic, mrwooster_statue_mirror, uniq_robin

Skill      XL: |  1  2  3 |
---------------+----------+-----
Stealth        | 1 3 |  3.9
Long Blades    | 3 |  3.2
Fighting       | |  1.7
Throwing       | |  0.7
Armour         | |  0.7
Dodging        | |  2.1
Spellcasting   | |  2.0
Translocations | |  2.4

Action                     || total
---------------------------++-------
  Melee: Falchion          ||    91
         Bite              ||     7
   Stab: Sleeping          ||     2
 Armour: Leather armour    ||    25
  Dodge: Dodged            ||    66

Action                     || total
---------------------------++-------
  Melee: Falchion          ||    91
         Bite              ||     7
   Stab: Sleeping          ||     2
 Armour: Leather armour    ||    25
  Dodge: Dodged            ||    66

Levels and vault maps discovered:
D:1:      heliophobic_arrival_henge, layout_basic,
          ebering_ecumenical_altar_hall, minmay_pentomino_x4
D:2:      layout_basic, mrwooster_statue_mirror, uniq_robin
